 Dungeon Crawl Stone Soup version 0.29-a0-378-gc08b2e8bf8 (webtiles) character file.

Game seed: 444303891566788907

68 thiscave3701365 the Chopper (level 4, -2/60 HPs)
             Began as a Minotaur Berserker on May 4, 2022.
             Was a Believer of Trog.
             Slain by a gnoll
             ... wielding a +0 vorpal spear
              (6 damage)
             ... on level 2 of the Dungeon.
             The game lasted 00:00:56 (1409 turns).

thiscave3701365 the Chopper (Minotaur Berserker)    Turns: 1409, Time: 00:00:57

Health: -2/60      AC:  2    Str: 23    XL:     4   Next: 1%
Magic:  3/3        EV: 12    Int:  4    God:    Trog [**....]
Gold:   116        SH:  0    Dex: 10    Spells: 3/3 levels left

rFire   . . .      SeeInvis .   a - +0 hand axe
rCold   . . .      Faith    .   (no shield)
rNeg    . . .      Spirit   .   b - +0 animal skin
rPois   .          Reflect  .   (helmet restricted)
rElec   .          Harm     .   (no cloak)
rCorr   .          Rampage  .   (no gloves)
Will    .....                   (no boots)
Stlth   ..........              (no amulet)
HPRegen 0.20/turn               (no ring)
MPRegen 0.08/turn               (no ring)

@: berserking, very quick
A: horns 2, retaliatory headbutt
a: Renounce Religion, Berserk, Trog's Hand


You were on level 2 of the Dungeon.
You worshipped Trog.
Trog was pleased with you.
You visited 1 branch of the dungeon, and saw 2 of its levels.

You collected 116 gold pieces.

Inventory:

Hand Weapons
 a - a +0 hand axe (weapon)
Armour
 b - a +0 animal skin (worn)
Jewellery
 e - a ring of flight
Scrolls
 c - a scroll of amnesia {unknown}
 d - 2 scrolls of noise {unknown}
 g - 4 scrolls of identify {unknown}
 i - a scroll of fear {unknown}
 j - a scroll of teleportation {unknown}
 k - a scroll of summoning {unknown}
 l - a scroll of poison {unknown}
Potions
 f - a potion of mutation {unknown}
 h - a potion of might {unknown}


   Skills:
 + Level 4.3 Fighting
 + Level 4.3 Axes
 + Level 3.4 Armour
 + Level 2.9 Dodging


You had 3 spell levels left.
You didn't know any spells.
Your spell library was empty.

Dungeon Overview and Level Annotations

Branches:
Dungeon (2/15)

Altars:


Innate Abilities, Weirdness & Mutations

You have a pair of horns on your head.
You reflexively headbutt those who attack you in melee.


Message History

You barely miss the gnoll. Terence closely misses you. You furiously retaliate!
You headbutt Terence. The gnoll closely misses you.
The gnoll hits you from afar with a +0 halberd!
Unknown command.
You closely miss Terence. You headbutt Terence.
Terence is heavily wounded.
You hit the gnoll.
Unknown command.
You hit Terence. Your headbutt misses Terence.
Terence is severely wounded.
You hit the gnoll.
The gnoll hits you from afar with a +0 vorpal spear.
Terence hits you with a +0 mace. The gnoll closely misses you.
You are too injured to fight recklessly!
Unknown command.
You are too injured to fight recklessly!
Unknown command.
You are too injured to fight recklessly!
Unknown command.
You are too injured to fight recklessly!
You are too injured to fight recklessly!
You closely miss Terence.
Terence is severely wounded.
You hit the gnoll.
You kill the gnoll!
Trog accepts your kill. The gnoll closely misses you.
Terence hits you with a +0 mace!
* * * LOW HITPOINT WARNING * * *
The gnoll hits you from afar with a +0 vorpal spear!
* * * LOW HITPOINT WARNING * * *
x2 You have reached level 4!
You feel agile.
You hit Terence.
Terence is severely wounded.
You slash Terence!
You feel the power of Trog in you as your rage grows.
You kill Terence!
Trog accepts your kill.
The gnoll hits you from afar with a +0 vorpal spear.
You die...

#. #.#.###.#.###
##. ##.#...#.....
##.. ..........#
.###...####.......#
.....#...))..$....#
.....#..###.......#
#....###.......#
##......#.#.####
##.@)....#.#
#)......#.#####
#.gg....##..†..#
............###.###
.#...........#
#...# #
............# #...#
.............#
#...#
...########.###
#...### #...#
#......


You could see 2 gnolls.

Vanquished Creatures
  Terence (D:2)
  3 gnolls
  A worm (D:2)
  A ball python (D:1)
  3 bats
  2 endoplasms
  3 giant cockroaches
  6 goblins
  3 hobgoblins
  2 kobolds (D:1)
  4 quokkas
  A frilled lizard (D:1)
  5 rats (D:1)
35 creatures vanquished.

Notes
Turn   | Place    | Note
-------+----------+-------------------------------------------
     0 | D:1      | thiscave3701365 the Minotaur Berserker began the quest for
                  | the Orb.
     0 | D:1      | Reached XP level 1. HP: 19/19 MP: 0/0
   383 | D:1      | Reached XP level 2. HP: 27/27 MP: 1/1
   678 | D:1      | Found a faded altar of an unknown god.
   971 | D:1      | Reached XP level 3. HP: 27/33 MP: 2/2
  1137 | D:1      | Reached ** piety under Trog
  1397 | D:2      | Noticed Terence
  1408 | D:2      | Reached XP level 4. HP: 4/40 MP: 3/3
  1409 | D:2      | Killed Terence
  1409 | D:2      | Slain by a gnoll

Illustrated notes

Levels and vault maps discovered:
D:1:      minmay_arrival_widening_spiral_wide, layout_basic,
          basic_ecumenical_altar, fountainhead
D:2:      layout_basic, palyth_stone_intersect, guppyfry_early_orc_mine,
          uniq_terence

Skill      XL: |  1  2 |
---------------+-------+-----
Axes           | 4 |  4.3
Fighting       | 4 |  4.3
Armour         | 3 |  3.4
Dodging        | |  2.9

Action                   |  1- 3 |  4- 6 || total
-------------------------+-------+-------++-------
Melee: Hand axe          |    84 |     2 ||    86
       Headbutt          |    11 |       ||    11
Invok: Berserk           |     1 |       ||     1
Armor: Animal skin       |    12 |       ||    12
Dodge: Dodged            |    61 |       ||    61

Table legend: (Time is in decaauts)
 A = Elapsed time spent in this place.
 B = Non-inter-level travel time spent in this place.
 C = Inter-level travel time spent in this place.
 D = Time resting spent in this place.
 E = Time spent auto-exploring this place.
 F = Levels seen in this place.
 G = Mean time per level.
                   A        B        C        D        E       F      G
               +--------+--------+--------+--------+--------+-----+--------+
         Total |   1416 |   1401 |     15 |      0 |   1191 |   2 |  708.0 |
       Dungeon |   1416 |   1401 |     15 |      0 |   1191 |   2 |  708.0 |
               +--------+--------+--------+--------+--------+-----+--------+

Top non-repeatable levels by time:
     D:1: 1270 daAuts
     D:2: 145 daAuts
